TOP OF THE 1ST |
Pulaski Yankees batting - Pitching for Princeton Rays : RHP Jose Robles
|
Pitching: RHP Jose Robles
|
|
Batting: LHB Joel Vera
|
0-0: Ball 1-0: Foul Ball, location: 2F 1-1: Ball 2-1: Ball 3-1: Base on Balls
|
Batting: LHB Dan Morris
|
0-0: Called Strike 0-1: Ball 1-1: Called Strike 1-2: Ball 2-2: Strikes out swinging
|
Batting: SHB Blake Abbott
|
0-0: Called Strike 0-1: Ball 1-1: Foul Ball, location: 2F 1-2: DOUBLE (Flyball, 8RXD, EV 108.1 MPH) Joel Vera to third
|
Batting: RHB Bobby Melillo
|
0-0: Fly out, F9 (Flyball, 89S, EV 95.0 MPH)
|
Batting: RHB Colby Macon
|
Balk! Joel Vera scores Blake Abbott to third 0-0: Called Strike 0-1: Foul Ball, location: 2F 0-2: Ball 1-2: Foul Ball, location: 2F 1-2: Foul Ball, location: 2F 1-2: Fly out, F9 (Line Drive, 9, EV 98.1 MPH)
|
Top of the 1st over - 1 run, 1 hit, 0 errors, 1 left on base; Pulaski 1 - Princeton 0 |
BOTTOM OF THE 1ST |
Princeton Rays batting - Pitching for Pulaski Yankees : LHP Arturo Eli
|
Pitching: LHP Arturo Eli
|
|
Batting: SHB Chris Lockart
|
0-0: Ball 1-0: Foul Ball, location: 2F 1-1: Foul Ball, location: 2F 1-2: Foul Ball, location: 2F 1-2: Ball 2-2: Strikes out looking
|
Batting: RHB Dan Marks
|
0-0: Fly out, F8 (Line Drive, 8LM, EV 98.8 MPH)
|
Batting: SHB Wayne Hattan
|
0-0: Swinging Strike 0-1: Foul Ball, location: 2F 0-2: Ball 1-2: Ball 2-2: Foul Ball, location: 2F 2-2: Ball 3-2: Fly out, F7 (Flyball, 78XD, EV 106.9 MPH)
|
Bottom of the 1st over - 0 runs, 0 hits, 0 errors, 0 left on base; Pulaski 1 - Princeton 0 |
TOP OF THE 2ND |
Pulaski Yankees batting - Pitching for Princeton Rays : RHP Jose Robles
|
Batting: SHB Joe Fure
|
0-0: Ball 1-0: Ball 2-0: Foul Ball, location: 2F 2-1: Ground out U3 (Groundball, 3S, EV 72.5 MPH)
|
Batting: RHB Seth Rutz
|
0-0: Called Strike 0-1: Ball 1-1: SOLO HOME RUN (Flyball, 7D, EV 96.9 MPH), Distance : 382 ft
|
Batting: RHB Nick Dunton
|
0-0: Foul Ball, location: 2F 0-1: Ball 1-1: Ball 2-1: Foul Ball, location: 2F 2-2: Ball 3-2: DOUBLE (Line Drive, 9LS, EV 96.3 MPH) - OUT at third base trying to stretch hit.
|
Batting: RHB Jordan Barragan
|
0-0: Called Strike 0-1: Swinging Strike 0-2: Ball 1-2: Foul Ball, location: 2F 1-2: Strikes out looking
|
Top of the 2nd over - 1 run, 2 hits, 0 errors, 0 left on base; Pulaski 2 - Princeton 0 |
BOTTOM OF THE 2ND |
Princeton Rays batting - Pitching for Pulaski Yankees : LHP Arturo Eli
|
Batting: RHB Wil Urban
|
0-0: Called Strike 0-1: Fly out, F9 (Flyball, 9S, EV 85.6 MPH)
|
Batting: SHB Lou Kroneman
|
0-0: Ground out 4-3 (Groundball, 4, EV 76.9 MPH)
|
Batting: RHB Chris Thorson
|
0-0: Called Strike 0-1: Called Strike 0-2: Foul Ball, location: 2F 0-2: Ground out 3-1 (Groundball, 34, EV 85.0 MPH)
|
Bottom of the 2nd over - 0 runs, 0 hits, 0 errors, 0 left on base; Pulaski 2 - Princeton 0 |
TOP OF THE 3RD |
Pulaski Yankees batting - Pitching for Princeton Rays : RHP Jose Robles
|
Batting: LHB Joel Vera
|
0-0: Ball 1-0: DOUBLE (Line Drive, 7LS, EV 91.3 MPH)
|
Batting: LHB Dan Morris
|
0-0: Ball 1-0: Fly out, F7 (Flyball, 7LD, EV 98.1 MPH)
|
Batting: SHB Blake Abbott
|
0-0: Foul Ball, location: 2F 0-1: Ball 1-1: Foul Ball, location: 2F 1-2: Ball 2-2: Foul Ball, location: 2F 2-2: Fly out, F7 (Flyball, 78M, EV 88.8 MPH)
|
Batting: RHB Bobby Melillo
|
0-0: Foul Ball, location: 2F 0-1: Swinging Strike 0-2: Ball 1-2: Ball 2-2: Fly out, F4 (Popup, 34, EV 54.4 MPH)
|
Top of the 3rd over - 0 runs, 1 hit, 0 errors, 1 left on base; Pulaski 2 - Princeton 0 |
BOTTOM OF THE 3RD |
Princeton Rays batting - Pitching for Pulaski Yankees : LHP Arturo Eli
|
Batting: LHB Rocky Crowley
|
0-0: Foul Ball, location: 2F 0-1: Ball 1-1: Foul Ball, location: 2F 1-2: Ball 2-2: Ball 3-2: SOLO HOME RUN (Flyball, 9D, EV 96.9 MPH), Distance : 384 ft
|
Batting: RHB Bazyli Andrysiak
|
0-0: Ball 1-0: Ball 2-0: Ground out 1-3 (Groundball, 15, EV 75.6 MPH)
|
Batting: RHB Jim Erdody
|
0-0: Ground out 6-3 (Groundball, 6, EV 106.3 MPH)
|
Batting: SHB Chris Lockart
|
0-0: Ball 1-0: Called Strike 1-1: Ball 2-1: Ground out 6-3 (Groundball, 6, EV 80.6 MPH)
|
Bottom of the 3rd over - 1 run, 1 hit, 0 errors, 0 left on base; Pulaski 2 - Princeton 1 |
TOP OF THE 4TH |
Pulaski Yankees batting - Pitching for Princeton Rays : RHP Jose Robles
|
Batting: RHB Colby Macon
|
0-0: Ball 1-0: Called Strike 1-1: Foul Ball, location: 2F 1-2: Strikes out swinging
|
Batting: SHB Joe Fure
|
0-0: Foul Ball, location: 2F 0-1: Ball 1-1: Ball 2-1: Swinging Strike 2-2: Fly out, F7 (Line Drive, 7, EV 95.6 MPH)
|
Batting: RHB Seth Rutz
|
0-0: Ball 1-0: Hit by Pitch
|
Batting: RHB Nick Dunton
|
0-0: Fly out, F9 (Flyball, 9S, EV 80.6 MPH)
|
Top of the 4th over - 0 runs, 0 hits, 0 errors, 1 left on base; Pulaski 2 - Princeton 1 |
BOTTOM OF THE 4TH |
Princeton Rays batting - Pitching for Pulaski Yankees : LHP Arturo Eli
|
Batting: RHB Dan Marks
|
0-0: Called Strike 0-1: Foul Ball, location: 2F 0-2: Ball 1-2: Strikes out looking
|
Batting: SHB Wayne Hattan
|
0-0: Ball 1-0: Called Strike 1-1: Ball 2-1: Ground out 5-3 (Groundball, 5L, EV 86.9 MPH)
|
Batting: RHB Wil Urban
|
0-0: Ball 1-0: Ball 2-0: Swinging Strike 2-1: Ball 3-1: Foul Ball, location: 2F 3-2: Foul Ball, location: 2F 3-2: Foul Ball, location: 2F 3-2: Base on Balls
|
Batting: SHB Lou Kroneman
|
0-0: Ball 1-0: Ball 2-0: Ball 3-0: Fly out, F9 (Line Drive, 9S, EV 93.1 MPH)
|
Bottom of the 4th over - 0 runs, 0 hits, 0 errors, 1 left on base; Pulaski 2 - Princeton 1 |
TOP OF THE 5TH |
Pulaski Yankees batting - Pitching for Princeton Rays : RHP Jose Robles
|
Batting: RHB Jordan Barragan
|
0-0: Ball 1-0: Called Strike 1-1: Called Strike 1-2: Ball 2-2: Strikes out swinging
|
Batting: LHB Joel Vera
|
0-0: Called Strike 0-1: DOUBLE (Line Drive, 89XD, EV 104.4 MPH)
|
Batting: LHB Dan Morris
|
0-0: Called Strike 0-1: Ball 1-1: Ground out 6-3 (Groundball, 6, EV 108.1 MPH)
|
Batting: SHB Blake Abbott
|
0-0: Called Strike Joel Vera steals 3rd base 0-1: Called Strike 0-2: Ball 1-2: Ball 2-2: Ball 3-2: Ground out U3 (Groundball, 34, EV 97.5 MPH)
|
Top of the 5th over - 0 runs, 1 hit, 0 errors, 1 left on base; Pulaski 2 - Princeton 1 |
BOTTOM OF THE 5TH |
Princeton Rays batting - Pitching for Pulaski Yankees : LHP Arturo Eli
|
Batting: RHB Chris Thorson
|
0-0: Called Strike 0-1: Ball 1-1: Ball 2-1: Called Strike 2-2: Foul Ball, location: 2F 2-2: Ball 3-2: Ground out 5-3 (Groundball, 56, EV 100.6 MPH)
|
Batting: LHB Rocky Crowley
|
0-0: Fly out, F9 (Flyball, 9LM, EV 85.6 MPH)
|
Batting: RHB Bazyli Andrysiak
|
0-0: Called Strike 0-1: Ball 1-1: Foul Ball, location: 2F 1-2: Ball 2-2: Ball 3-2: Fly out, F7 (Flyball, 7S, EV 91.3 MPH)
|
Bottom of the 5th over - 0 runs, 0 hits, 0 errors, 0 left on base; Pulaski 2 - Princeton 1 |
TOP OF THE 6TH |
Pulaski Yankees batting - Pitching for Princeton Rays : RHP Jose Robles
|
Batting: RHB Bobby Melillo
|
0-0: Ball 1-0: Foul Ball, location: 2F 1-1: Ball 2-1: Fly out, F8 (Flyball, 8RS, EV 88.1 MPH)
|
Batting: RHB Colby Macon
|
0-0: Ball 1-0: Ball 2-0: Ball 3-0: Base on Balls
|
Batting: SHB Joe Fure
|
0-0: Called Strike 0-1: Ball 1-1: Ball 2-1: Ball Colby Macon steals 2nd base 3-1: Intentional Walk
|
Batting: RHB Seth Rutz
|
0-0: Ball 1-0: Fly out, F6 (Popup, 6M, EV 61.3 MPH)
|
Batting: RHB Nick Dunton
|
0-0: Ball 1-0: Swinging Strike 1-1: Ball 2-1: Called Strike 2-2: Strikes out swinging
|
Top of the 6th over - 0 runs, 0 hits, 0 errors, 2 left on base; Pulaski 2 - Princeton 1 |
BOTTOM OF THE 6TH |
Princeton Rays batting - Pitching for Pulaski Yankees : LHP Arturo Eli
|
Batting: RHB Jim Erdody
|
0-0: Called Strike 0-1: Called Strike 0-2: Strikes out swinging
|
Batting: SHB Chris Lockart
|
0-0: Ball 1-0: Ball 2-0: Ball 3-0: Called Strike 3-1: Base on Balls
|
Pitching: RHP Bill Kaiser
|
|
Batting: RHB Dan Marks
|
0-0: Ball 1-0: Called Strike 1-1: Ball 2-1: Ball 3-1: SINGLE (Groundball, 5L, EV 76.9 MPH) (infield hit) Chris Lockart to second
|
Batting: SHB Wayne Hattan
|
0-0: Foul Ball, location: 2F 0-1: SINGLE (Groundball, 6D, EV 98.1 MPH) Chris Lockart to third Dan Marks to second Runner from 3rd tries for Home, SAFE, throw by LF to home
|
Batting: RHB Wil Urban
|
0-0: Ball 1-0: Ball 2-0: Ball 3-0: Base on Balls Dan Marks to third Wayne Hattan to second
|
Batting: SHB Lou Kroneman
|
0-0: Called Strike 0-1: Foul Ball, location: 2F 0-2: DOUBLE (Groundball, 5D, EV 104.4 MPH) Dan Marks scores Wayne Hattan scores Wil Urban to third
|
Batting: RHB Chris Thorson
|
0-0: Called Strike 0-1: Ball 1-1: Ball 2-1: Ball 3-1: Called Strike 3-2: Base on Balls
|
Pitching: LHP Steve Martin
|
|
Batting: LHB Rocky Crowley
|
0-0: Swinging Strike 0-1: Swinging Strike 0-2: Ball 1-2: Foul Ball, location: 2F 1-2: Foul Ball, location: 2F 1-2: Strikes out swinging
|
Batting: RHB Bazyli Andrysiak
|
0-0: Ball 1-0: Ball 2-0: SINGLE (Line Drive, 89S, EV 93.8 MPH) Wil Urban scores Lou Kroneman to third Chris Thorson to second
|
Batting: RHB Jim Erdody
|
0-0: Ball 1-0: Ground out U3 (Groundball, 34S, EV 92.5 MPH)
|
Bottom of the 6th over - 4 runs, 4 hits, 0 errors, 3 left on base; Pulaski 2 - Princeton 5 |
TOP OF THE 7TH |
Pulaski Yankees batting - Pitching for Princeton Rays : RHP Jose Robles
|
Batting: RHB Jordan Barragan
|
0-0: Called Strike 0-1: Ball 1-1: Ground out 4-3 (Groundball, 4, EV 89.4 MPH)
|
Batting: LHB Joel Vera
|
0-0: Ball 1-0: Foul Ball, location: 2F 1-1: SOLO HOME RUN (Flyball, 9LD, EV 96.3 MPH), Distance : 338 ft
|
Batting: LHB Dan Morris
|
0-0: Called Strike 0-1: Ground out 5-3 (Groundball, 56D, EV 86.9 MPH)
|
Batting: SHB Blake Abbott
|
0-0: Ball 1-0: Called Strike 1-1: Foul Ball, location: 2F 1-2: Foul Ball, location: 2F 1-2: Foul Ball, location: 2F 1-2: Ball 2-2: Ball 3-2: Fly out, F4 (Popup, 4, EV 55.0 MPH)
|
Top of the 7th over - 1 run, 1 hit, 0 errors, 0 left on base; Pulaski 3 - Princeton 5 |
BOTTOM OF THE 7TH |
Princeton Rays batting - Pitching for Pulaski Yankees : LHP Steve Martin
|
Pitching: RHP David Sauers
|
|
Batting: SHB Chris Lockart
|
0-0: Foul Ball, location: 2F 0-1: Fly out, F8 (Line Drive, 8LM, EV 108.1 MPH)
|
Batting: RHB Dan Marks
|
0-0: Ball 1-0: Ground out 2-3 (Groundball, 2L, EV 69.4 MPH)
|
Batting: SHB Wayne Hattan
|
0-0: Ball 1-0: Swinging Strike 1-1: Ball 2-1: Foul Ball, location: 2F 2-2: Ball 3-2: Base on Balls
|
Batting: RHB Wil Urban
|
0-0: Ball 1-0: Called Strike 1-1: 2-RUN HOME RUN (Flyball, 7D, EV 97.5 MPH), Distance : 368 ft
|
Batting: SHB Lou Kroneman
|
0-0: Called Strike 0-1: Ball 1-1: Foul Ball, location: 2F 1-2: Ball 2-2: Foul Ball, location: 2F 2-2: Ball 3-2: Foul Ball, location: 2F 3-2: Strikes out swinging
|
Bottom of the 7th over - 2 runs, 1 hit, 0 errors, 0 left on base; Pulaski 3 - Princeton 7 |
TOP OF THE 8TH |
Pulaski Yankees batting - Pitching for Princeton Rays : RHP Jose Robles
|
Batting: RHB Bobby Melillo
|
0-0: Called Strike 0-1: Ball 1-1: Ground out 6-3 (Groundball, 56, EV 100.6 MPH)
|
Batting: RHB Colby Macon
|
0-0: Swinging Strike 0-1: Called Strike 0-2: Ball 1-2: Strikes out swinging
|
Batting: SHB Joe Fure
|
0-0: Ball 1-0: Ball 2-0: Ball 3-0: Base on Balls
|
Batting: RHB Seth Rutz
|
0-0: Swinging Strike 0-1: Ball 1-1: Foul Ball, location: 2F 1-2: Ball 2-2: Strikes out swinging
|
Top of the 8th over - 0 runs, 0 hits, 0 errors, 1 left on base; Pulaski 3 - Princeton 7 |
BOTTOM OF THE 8TH |
Princeton Rays batting - Pitching for Pulaski Yankees : RHP David Sauers
|
Pitching: RHP Jake Visconti
|
|
Batting: RHB Chris Thorson
|
0-0: Ball 1-0: Called Strike 1-1: Ball 2-1: Ball 3-1: DOUBLE (Flyball, 78D, EV 106.3 MPH)
|
Batting: LHB Rocky Crowley
|
0-0: Called Strike 0-1: Swinging Strike 0-2: Ball 1-2: Ball 2-2: Ball 3-2: Base on Balls
|
Batting: RHB Bazyli Andrysiak
|
0-0: Bunted foul 0-1: Ball 1-1: Bunted foul 1-2: Strikes out swinging
|
Batting: RHB Jim Erdody
|
0-0: Called Strike 0-1: Ball 1-1: Called Strike 1-2: Foul Ball, location: 2F 1-2: Strikes out swinging
|
Batting: SHB Chris Lockart
|
0-0: Called Strike 0-1: Swinging Strike 0-2: Ball 1-2: Strikes out swinging
|
Bottom of the 8th over - 0 runs, 1 hit, 0 errors, 2 left on base; Pulaski 3 - Princeton 7 |
TOP OF THE 9TH |
Pulaski Yankees batting - Pitching for Princeton Rays : RHP Jose Robles
|
Batting: RHB Nick Dunton
|
0-0: Foul Ball, location: 2F 0-1: Called Strike 0-2: Ball 1-2: SOLO HOME RUN (Flyball, 78XD, EV 99.4 MPH), Distance : 398 ft
|
Batting: RHB Jordan Barragan
|
0-0: Foul Ball, location: 2F 0-1: Ball 1-1: Called Strike 1-2: Strikes out swinging
|
Batting: LHB Joel Vera
|
0-0: Swinging Strike 0-1: Ball 1-1: Ball 2-1: Called Strike 2-2: Ground out 1-3 (Groundball, 13S, EV 64.4 MPH)
|
Batting: LHB Dan Morris
|
0-0: Foul Ball, location: 2F 0-1: Foul Ball, location: 2F 0-2: Ball 1-2: Ground out 5-3 (Groundball, 56S, EV 93.1 MPH)
|
Top of the 9th over - 1 run, 1 hit, 0 errors, 0 left on base; Pulaski 4 - Princeton 7 |
|